 Dungeon Sprint DCSS version 0.25.1-2-g60ff931df9 (webtiles) character file.

Game seed: 15845434734879899291

31187 howech the Commander (level 13, -1/98 HPs)
             Began as a Gnoll Fire Elementalist on Oct 23, 2020.
             Was a High Priest of Okawaru.
             Slain by a shambling mangrove (19 damage)
             ... in the Dungeon (Sprint V: "Ziggurat Sprint").
             The game lasted 00:14:18 (1281 turns).

howech the Commander (Gnoll Fire Elementalist)      Turns: 1281, Time: 00:14:18

Health: -1/98      AC: 37    Str: 18    XL:     13   Next: 56%
Magic:  30/30      EV:  7    Int: 28    God:    Okawaru [*****.]
Gold:   1560       SH: 32    Dex: 25    Spells: 29/39 levels left

rFire    + . .     SeeInvis .   a - +7 Screaming Sword {vorpal, sonic wave}
rCold    . . .     Gourm    .   L - +18 shield of the Gong {rElec rN+ MR+ EV-5}
rNeg     + + +     Faith    .   K - +15 Maxwell's patent armour {-Cast -Tele rElec MR+ rCorr}
rPois    .         Spirit   .   (no helmet)
rElec    +         Reflect  .   p - +2 cloak {Stlth+}
rCorr    +         Harm     .   M - +1 pair of gloves of Polish {-Cast rF+ rN+ rCorr}
MR       +++..     NoTele   +   (no boots) Stlth ++........NoCast +
                                P - macabre finger necklace {rN+}
HPRegen  0.26/turn              D - +6 ring of dexterity
MPRegen  0.22/turn              S - ring "Mibuceuj" {MR+ Str+6 Dex+4}
                                X - ring "Tootoagi" {rElec Int+6}

@: lethally poisoned (-1 -> -2), grasped by roots, constricted, studying
Crossbows
A: distributed training, fangs 1, frail 1, strong nose
a: Heroism, Finesse, Renounce Religion


You were in the Dungeon.
You worshipped Okawaru.
Okawaru was extremely pleased with you.
You were not hungry.

You visited 1 branch You collected 1560 gold pieces.

Inventory:

Hand Weapons
 a - the +7 Screaming Sword (weapon) {vorpal, sonic wave}
   (You found it in the Dungeon)

   It inflicts extra damage upon your enemies.
Armour
 b - +5 fire dragon scales
 j - +5 gold dragon scales
 k - +5 shadow dragon scales
 l - +5 storm dragon scales
 p - a +2 cloak of stealth (worn)
 K - the +15 Maxwell's patent armour (worn) {-Cast -Tele rElec MR+ rCorr}
   (You found it in the Dungeon)

   It insulates you from electricity.
   It affects your resistance to hostile enchantments.
   It prevents spellcasting.
   It prevents most forms of teleportation.
   It provides partial protection from all sources of acid and corrosion.
 L - the +18 shield of the Gong (worn) {rElec rN+ MR+ EV-5}
   (You found it in the Dungeon)

   It affects your evasion (-5).
   It insulates you from electricity.
   It protects you from negative energy.
   It affects your resistance to hostile enchantments.
 M - the +1 pair of gloves of Polish (worn) {-Cast rF+ rN+ rCorr}
   (Okawaru gifted it to you in the Dungeon)

   It protects you from fire.
   It protects you from negative energy.
   It prevents spellcasting.
   It provides partial protection from all sources of acid and corrosion.
Magical Staves
 B - an uncursed staff of energy
 N - an uncursed staff of poison
 W - an uncursed staff of fire
Jewellery
 C - an uncursed ring of flight
 D - a +6 ring of dexterity (left hand)
 E - a +6 ring of dexterity
 F - a +6 ring of intelligence
 G - a +6 ring of intelligence
 H - a +6 ring of strength
 I - a +6 ring of strength
 P - the macabre finger necklace (around neck) {rN+}
   (You found it in the Dungeon)

   [amulet of nothing]

   It protects you from negative energy.
 Q - an uncursed ring of protection from fire
 R - an uncursed amulet of regeneration
 S - the ring "Mibuceuj" (right hand) {MR+ Str+6 Dex+4}
   (You found it in the Dungeon)

   [ring of protection from magic]

   It affects your strength (+6).
   It affects your dexterity (+4).
   It affects your resistance to hostile enchantments.
 T - an uncursed ring of stealth
 V - the ring "Bunuvouw" {rElec rF+ Str-3 Dex+4}
   (You found it in the Dungeon)

   [ring of protection from fire]

   It affects your strength (-3).
   It affects your dexterity (+4).
   It protects you from fire.
   It insulates you from electricity.
 X - the ring "Tootoagi" (on amulet) {rElec Int+6}
   (You found it in the Dungeon)

   [ring of intelligence]

   It affects your intelligence (+6).
   It insulates you from electricity.
 Y - the ring "Tiamyutz" {MP+9 Dex+4}
   (You found it in the Dungeon)

   [ring of magical power]

   It affects your dexterity (+4).
   It affects your magic capacity (+9).
Wands
 y - a wand of disintegration (7)
 z - a wand of iceblast (7)
 A - a wand of acid (7)
Scrolls
 i - 4 scrolls of blinking
 s - 3 scrolls of amnesia
 t - 7 scrolls of fog
 u - a scroll of holy word
 v - 5 scrolls of identify
 w - 5 scrolls of remove curse
 x - 2 scrolls of fear
 O - 4 scrolls of brand weapon
Potions
 d - 10 potions of curing
 e - 12 potions of heal wounds
 f - 10 potions of haste
 g - 7 potions of magic
 h - 3 potions of berserk rage
 m - 2 potions of brilliance
 n - 2 potions of invisibility
 o - 4 potions of resistance
 q - 6 potions of stabbing
 r - 5 potions of might
Books
 Z - a manual of Crossbows
Miscellaneous
 J - a lightning rod (4/4)
Comestibles
 c - 6 rations
 U - 6 chunks of flesh


   Skills:
 + Level 12.9 Fighting
 + Level 12.9 Short Blades
 + Level 12.9 Long Blades
 + Level 12.9 Axes
 + Level 12.9 Maces & Flails
 + Level 12.9 Polearms
 + Level 12.9 Staves
 + Level 12.9 Slings
 + Level 12.9 Bows
 + Level 13.5 Crossbows
 + Level 12.9 Throwing
 + Level 12.9 Armour
 + Level 13.6 Dodging
 + Level 13.5 Stealth
 + Level 12.9 Shields
 + Level 12.9 Unarmed Combat
 + Level 13.7 Spellcasting
 + Level 11.3 Conjurations
 + Level 11.1 Hexes
 + Level 11.1 Charms
 + Level 11.1 Summonings
 + Level 11.1 Necromancy
 + Level 11.1 Translocations
 + Level 11.1 Transmutations
 + Level 12.2 Fire Magic
 + Level 11.1 Ice Magic
 + Level 11.1 Air Magic
 + Level 11.1 Earth Magic
 + Level 11.1 Poison Magic
 + Level 13.9 Invocations
 + Level 12.9 Evocations


You had 29 spell levels left.
You knew the following spells:

 Your Spells              Type           Power        Failure   Level  Hunger
a - Foxfire               Conj/Fire      ####         1%          1    None
c - Fire Storm            Conj/Fire      ######....   100%        9    #######

Your spell library contained the following spells:

 Spells                   Type           Power        Failure   Level  Hunger
 Apportation              Tloc           ######       1%          1    None
 Sandblast                Erth           ######       1%          1    None
 Sting                    Tmut/Pois      ####         1%          1    None
 Summon Butterflies       Summ           ######..     1%          1    None
 Passwall                 Tmut/Erth      ######..     1%          2    None
 Searing Ray              Conj           ######       1%          2    None
 Song of Slaying          Chrm           ######..     1%          2    None
 Swiftness                Chrm/Air       ######..     1%          2    None
 Call Canine Familiar     Summ           ######..     1%          3    None
 Confusing Touch          Hex            ######..     1%          3    None
 Conjure Flame            Conj/Fire      ######..     1%          3    None
 Gell's Gravitas          Tloc           ######....   1%          3    None
 Inner Flame              Hex/Fire       ######..     1%          3    None
 Lesser Beckoning         Tloc           ######....   1%          3    None
 Mephitic Cloud           Conj/Pois/Air  ######..     1%          3    None
 Ozocubu's Armour         Chrm/Ice       ######..     1%          3    None
 Tukima's Dance           Hex            ######..     1%          3    None
 Sticky Flame             Conj/Fire      ######..     4%          4    None
 Cause Fear               Hex            ######....   6%          4    None
 Hailstorm                Conj/Ice       ######..     6%          4    None
 Leda's Liquefaction      Hex/Erth       ######....   6%          4    None
 Olgreb's Toxic Radiance  Pois           ######..     6%          4    None
 Petrify                  Tmut/Erth      ######..     6%          4    None
 Summon Ice Beast         Ice/Summ       ######..     6%          4    None
 Bolt of Magma            Conj/Fire/Erth ######....   14%         5    #......
 Fireball                 Conj/Fire      ######....   14%         5    #......
 Alistair's Intoxication  Tmut/Pois      ######..     17%         5    #......
 Iskenderun's Battlesphe  Conj/Chrm      ######..     17%         5    #......
 Lee's Rapid Deconstruct  Erth           ######....   17%         5    #......
 Lightning Bolt           Conj/Air       ######....   17%         5    #......
 Metabolic Englaciation   Hex/Ice        ######....   17%         5    #......
 Summon Forest            Summ/Tloc      ######....   17%         5    #......
 Summon Mana Viper        Hex/Summ       ######..     17%         5    #......
 Yara's Violent Unravell  Hex/Tmut       ######....   17%         5    #......
 Invisibility             Hex            ######..     67%         6    ####...
 Iron Shot                Conj/Erth      ######....   67%         6    ####...
 Statue Form              Tmut/Erth      ######...    67%         6    ####...
 Dragon Form              Tmut           ######....   99%         7    ######.
 Malign Gateway           Summ/Tloc      ######....   99%         7    ######.
 Monstrous Menagerie      Summ           ######....   99%         7    ######.
 Orb of Destruction       Conj           ######....   99%         7    ######.
 Ring of Flames           Chrm/Fire      ######....   99%         7    ######.
 Spellforged Servitor     Conj/Summ      ######....   99%         7    ######.
 Summon Greater Demon     Summ           ######....   99%         7    ######.
 Summon Hydra             Summ           ######....   99%         7    ######.
 Chain Lightning          Conj/Air       ######....   100%        8    #######
 Lehudib's Crystal Spear  Conj/Erth      ######....   100%        8    #######
 Summon Horrible Things   Summ           ######....   100%        8    #######
 Absolute Zero            Ice            ######....   100%        9    #######
 Dragon's Call            Summ           ######....   100%        9    #######
 Shatter                  Erth           ######....   100%        9    #######


Dungeon Overview and Level Annotations

Branches:
Dungeon (1/1)

Altars:
Ashenzari
Cheibriados
Dithmenos
Elyvilon
Fedhas
Gozag
Hepliaklqana
Kikubaaqudgha
Makhleb
Nemelex Xobeh
Okawaru
Qazlal
Ru
Sif Muna
Trog
Uskayaw
Vehumet
Wu Jian
Xom
Yredelemnul
Zin
The Shining One
Beogh
Jiyva
Lugonu

Annotations:
D exclusion: oklob plant


Innate Abilities, Weirdness & Mutations

Your experience applies equally to all skills.
You have very sharp teeth.
Your uncanny sense of smell can sniff out nearby items.
You are frail. (-10% HP)


Message History

The dire elephant is severely wounded.
You kill the spriggan air mage!
Okawaru is honoured by your kill.
Your lightning rod (4/4) has regained two charges.
The dire elephant is lightly wounded.
The spriggan berserker is almost dead.
The spriggan druid is almost dead.
The dryad is severely wounded.
The water moccasin is almost dead.
You bite the shambling mangrove, but do no damage.
The shambling mangrove is severely damaged.
You feel sick.
You block the spriggan defender's attack.
PANG!
A komodo dragon comes into view.
The spriggan berserker hits you but does no damage.
The spriggan druid calls out to the beasts of the wild!
You block the shambling mangrove's attack.
GONNNNG!
The shambling mangrove hits you but does no damage.
You die... ▓.=)[|)):[P:).▓......... ▓..))[).|}}}..▓......... ▓....S........▓..▓.....▓ ▓.............▓.▓▓▓...▓▓ ▓.............▓..▓.....▓ ▓......i......▓.....©... ▓..l.YkRf.....▓▓▓▓▓▓▓▓▓▓ ▓R.YiiY.▓

▓...8©8... ▓ ▓▓|i@ii▓▓
▓..)|.).}.
▓..▓..fifY.▓..▓[.).}.[..
▓.............▓.........
▓......©......▓.........
▓▓▓▓▓▓▓▓▓▓▓▓▓▓▓....)....
▓......... ▓..▓...▓.. ∆
▓.▓.....▓. ▓....©....


You could see 2 dire elephants, 3 shambling mangroves, 2 death yaks, 2 spriggan
defenders, a wind drake (repels missiles), 3 spriggan berserkers, 2 dryads, a
komodo dragon, 2 spriggan druids and a water moccasin.

Vanquished Creatures
  An acid blob (D)
  A shadow dragon (D)
  4 reapers (D)
  A merfolk javelineer (D)
  A merfolk impaler (D)
  A death ooze (D)
  A spriggan air mage (D)
  A merfolk avatar (D)
  A dancing weapon (D)
  A satyr (D)
  3 soul eaters (D)
  A sea snake (D)
  A skeletal warrior (D)
  2 deep elf archers (D)
  2 glowing orange brains (D)
  3 deep elf magi (D)
  2 wolf spiders (D)
  2 shining eyes (D)
  A merfolk siren (D)
  A naga mage (D)
  A black mamba (D)
  2 eyes of devastation (D)
  3 orange demons (D)
  2 demonic crawlers (D)
  A freezing wraith (D)
  A tormentor (D)
  5 red devils (D)
  3 hornets (D)
  3 jumping spiders (D)
  3 merfolk (D)
  A wind drake (D)
  A hippogriff (D)
  2 slime creatures (D)
  2 snapping turtles (D)
  3 redbacks (D)
  2 shadows (D)
  5 tarantellas (D)
  2 wraiths (D)
  A neqoxec (D)
  A water elemental (D)
  A yak (D)
  2 golden eyes (D)
  A naga (D)
  2 insubstantial wisps (D)
  A water moccasin (D)
  A hell hound (D)
  2 floating eyes (D)
  An eye of draining (D)
  A wolf (D)
  A phantom (D)
  A large abomination (D)
  A scorpion (D)
  A wight (D)
  A crimson imp (D)
  3 quasits (D)
  An orc priest (D)
  6 jellies (D)
  3 iron imps (D)
  3 orc wizards (D)
  2 mummies (D)
  3 white imps (D)
  2 ufetubi (D)
  2 oozes (D)
  A spectral adder (D)
  2 adder zombies (D)
  2 adder skeletons (D)
  An orc (D)
  A spectral bat (D)
  2 ball pythons (D)
  4 bat skeletons (D)
  8 bat zombies (D)
  A jackal (D)
  2 ball python skeletons (D)
  A giant cockroach zombie (D)
  A jackal skeleton (D)
  3 leopard gecko zombies (D)
  A quokka simulacrum (D)
  A spectral quokka (D)
  3 butterflies (D)
151 creatures vanquished.

Vanquished Creatures (others)
  the Enchantress (D)
  4 acid blobs (D)
  Gastronok (D)
  3 azure jellies (D)
  13 death oozes (D)
  Harold (D)
  Erolcha (D)
  Sonja (D)
  Maurice (D)
  Joseph (D)
  Eustachio (D)
  Purgy (D)
  Blork the orc (D)
  Crazy Yiuf (D)
  Jessica (D)
  Terence (D)
33 creatures vanquished.

Grand Total: 184 creatures vanquished

Notes
Turn   | Place    | Note
-------+----------+-------------------------------------------
     0 | D        | howech the Gnoll Fire Elementalist began the quest for the
                  | Orb.
     0 | D        | Reached XP level 1. HP: 13/13 MP: 6/6
     4 | D        | Found a blossoming altar of Fedhas.
     5 | D        | Found the +6 Majin-Bo {vamp, Archmagi MP+6 Int+6}
     5 | D        | Found the +7 great mace "Firestarter" {inner flame, rF++}
     5 | D        | Found a shimmering blue altar of Sif Muna.
     5 | D        | Found a sacrificial altar of Ru.
     5 | D        | Found a bloodstained altar of Trog.
     5 | D        | Found a stormy altar of Qazlal.
     5 | D        | Found an iron altar of Okawaru.
     5 | D        | Found a sparkling altar of Nemelex Xobeh.
     7 | D        | Found a transporter.
     7 | D        | Found an ancient bone altar of Kikubaaqudgha.
     7 | D        | Found a viscous altar of Jiyva.
     7 | D        | Found a corrupted altar of Lugonu.
     7 | D        | Found a hazy altar of Hepliaklqana.
     7 | D        | Found a burning altar of Makhleb.
     7 | D        | Found an opulent altar of Gozag.
    25 | D        | Found the +9 heavy crossbow "Sniper" {vorpal, Acc+∞ SInv}
    25 | D        | Found the +10 dark maul {vorpal}
    25 | D        | Found the +15 Maxwell's patent armour {-Cast -Tele rElec
                  | MR+ rCorr}
    25 | D        | Found the +18 shield of the Gong {rElec rN+ MR+ EV-5}
    25 | D        | Found the cursed +14 obsidian axe {vorpal, +Fly SInv
                  | *Curse}
    27 | D        | Found the +6 shillelagh "Devastator" {shatter}
    27 | D        | Found the +11 plutonium sword {*Contam Stlth-}
    27 | D        | Found the +8 lance "Wyrmbane" {slay drac, rPois rF+ rC+
                  | AC+3}
    27 | D        | Found the +9 sword of Zonguldrok {reap}
    27 | D        | Found the cursed +13 scythe of Curses {drain, *Curse}
    27 | D        | Found the +0 sword of Power
    27 | D        | Found the +7 mace of Variability {chain chaos}
    27 | D        | Found the +7 Singing Sword {vorpal, sonic wave}
    27 | D        | Found the +8 storm bow {elec, penet}
    47 | D        | Became a worshipper of Warmaster Okawaru
    54 | D        | Reached skill level 5 in Dodging
    54 | D        | Reached skill level 5 in Spellcasting
    54 | D        | Reached skill level 1 in Hexes
    54 | D        | Reached skill level 1 in Charms
    54 | D        | Reached skill level 1 in Summonings
    54 | D        | Reached skill level 1 in Necromancy
    54 | D        | Reached skill level 1 in Translocations
    54 | D        | Reached skill level 1 in Transmutations
    54 | D        | Reached skill level 1 in Ice Magic
    54 | D        | Reached skill level 1 in Air Magic
    54 | D        | Reached skill level 1 in Earth Magic
    54 | D        | Reached skill level 1 in Poison Magic
    54 | D        | Reached XP level 2. HP: 22/22 MP: 6/8
    56 | D        | Entered arena 2.
    56 | D        | Noticed an insubstantial wisp
    56 | D        | Noticed an insubstantial wisp
    56 | D        | Found a transporter.
    58 | D        | Killed an insubstantial wisp
    58 | D        | Reached * piety under Okawaru
    58 | D        | Reached skill level 5 in Stealth
    58 | D        | Reached XP level 3. HP: 29/29 MP: 6/10
    58 | D        | Reached XP level 4. HP: 35/35 MP: 7/12
    58 | D        | Reached XP level 5. HP: 41/41 MP: 7/13
    58 | D        | Killed an insubstantial wisp
    58 | D        | Reached ** piety under Okawaru
    58 | D        | Reached XP level 6. HP: 48/48 MP: 7/15
    75 | D        | Entered arena 3.
    75 | D        | Noticed a yak
    75 | D        | Found a transporter.
    87 | D        | Reached skill level 5 in Invocations
    89 | D        | Killed a yak
    89 | D        | Reached skill level 5 in Fighting
    89 | D        | Reached skill level 5 in Short Blades
    89 | D        | Reached skill level 5 in Long Blades
    89 | D        | Reached skill level 5 in Axes
    89 | D        | Reached skill level 5 in Maces & Flails
    89 | D        | Reached skill level 5 in Polearms
    89 | D        | Reached skill level 5 in Staves
    89 | D        | Reached skill level 5 in Slings
    89 | D        | Reached skill level 5 in Bows
    89 | D        | Reached skill level 5 in Crossbows
    89 | D        | Reached skill level 5 in Throwing
    89 | D        | Reached skill level 5 in Armour
    89 | D        | Reached skill level 5 in Shields
    89 | D        | Reached skill level 5 in Unarmed Combat
    89 | D        | Reached skill level 5 in Evocations
    89 | D        | Reached XP level 7. HP: 30/56 MP: 12/17
   176 | D        | Killed Purgy
   233 | D        | Entered arena 4.
   233 | D        | Noticed a jumping spider
   233 | D        | Noticed a jumping spider
   233 | D        | Noticed a tarantella
   233 | D        | Found a transporter.
   235 | D        | Killed a tarantella
   235 | D        | Reached skill level 5 in Conjurations
   240 | D        | Killed a jumping spider
   240 | D        | Reached *** piety under Okawaru
   240 | D        | Killed a jumping spider
   240 | D        | Reached skill level 5 in Hexes
   240 | D        | Reached skill level 5 in Charms
   240 | D        | Reached skill level 5 in Summonings
   240 | D        | Reached skill level 5 in Necromancy
   240 | D        | Reached skill level 5 in Translocations
   240 | D        | Reached skill level 5 in Transmutations
   240 | D        | Reached skill level 5 in Ice Magic
   240 | D        | Reached skill level 5 in Air Magic
   240 | D        | Reached skill level 5 in Earth Magic
   240 | D        | Reached skill level 5 in Poison Magic
   240 | D        | Reached XP level 8. HP: 57/64 MP: 17/20
   240 | D        | Received a gift from Okawaru
   276 | D        | Entered arena 5.
   276 | D        | Found a transporter.
   284 | D        | Reached **** piety under Okawaru
   291 | D        | Got the Reference Book on the Voyage and Confrontation
   294 | D        | Got the ring "Mibuceuj" {MR+ Str+6 Dex+4}
   364 | D        | Entered arena 6.
   364 | D        | Found a transporter.
   387 | D        | Entered arena 7.
   387 | D        | Noticed a deep elf archer
   387 | D        | Noticed a +0 flail of holy wrath
   387 | D        | Noticed a deep elf mage
   387 | D        | Noticed a deep elf mage
   387 | D        | Noticed a deep elf mage
   387 | D        | Noticed a deep elf archer
   388 | D        | Identified the +4 long sword "Xalaquav" {vorpal, rElec}
   388 | D        | Found a transporter.
   392 | D        | Killed a +0 flail of holy wrath
   392 | D        | Received a gift from Okawaru
   392 | D        | Reached XP level 9. HP: 63/72 MP: 19/22
   394 | D        | Noticed an ice devil
   394 | D        | Killed a deep elf mage
   394 | D        | Received a gift from Okawaru
   394 | D        | Killed a deep elf mage
   394 | D        | Reached ***** piety under Okawaru
   394 | D        | Killed a deep elf archer
   394 | D        | Received a gift from Okawaru
   394 | D        | Reached XP level 10. HP: 62/80 MP: 19/23
   398 | D        | Killed a deep elf mage
   406 | D        | Killed a deep elf archer
   406 | D        | Reached skill level 10 in Spellcasting
   409 | D        | Killed Jessica
   414 | D        | Killed an acid blob
   419 | D        | Killed a death ooze
   420 | D        | Killed Maurice
   431 | D        | Entered arena 8.
   431 | D        | Noticed a naga mage
   431 | D        | Noticed a black mamba
   432 | D        | Found a transporter.
   436 | D        | Killed a black mamba
   437 | D        | Killed a naga mage
   437 | D        | Reached skill level 10 in Dodging
   440 | D        | Killed Eustachio
   448 | D        | Killed a death ooze
   459 | D        | Killed Crazy Yiuf
   463 | D        | Killed a death ooze
   469 | D        | Killed Terence
   558 | D        | Entered arena 9.
   558 | D        | Noticed an eye of devastation
   558 | D        | Noticed an eye of devastation
   559 | D        | Found a transporter.
   564 | D        | Reached skill level 10 in Stealth
   570 | D        | Killed an eye of devastation
   570 | D        | Reached skill level 10 in Invocations
   571 | D        | Killed an eye of devastation
   575 | D        | Got the ring "Tootoagi" {rElec Int+6}
   587 | D        | Killed an azure jelly
   603 | D        | Killed Erolcha
   680 | D        | Killed Sonja
   684 | D        | Entered arena 10.
   684 | D        | Noticed an orange demon
   685 | D        | Found a transporter.
   686 | D        | Killed an azure jelly
   690 | D        | Killed a death ooze
   692 | D        | Killed Joseph
   700 | D        | Killed an orange demon
   700 | D        | Reached XP level 11. HP: 89/89 MP: 19/25
   706 | D        | Got the Almanac of Stones
   712 | D        | Killed a death ooze
   753 | D        | Entered arena 11.
   754 | D        | Found a transporter.
   764 | D        | Received a gift from Okawaru
   775 | D        | Killed Blork the orc
   790 | D        | Entered arena 12.
   790 | D        | Noticed a reaper
   792 | D        | Found a transporter.
   807 | D        | Reached skill level 10 in Fire Magic
   807 | D        | Reached skill level 10 in Fighting
   807 | D        | Reached skill level 10 in Short Blades
   807 | D        | Reached skill level 10 in Long Blades
   807 | D        | Reached skill level 10 in Axes
   807 | D        | Reached skill level 10 in Maces & Flails
   807 | D        | Reached skill level 10 in Polearms
   807 | D        | Reached skill level 10 in Staves
   807 | D        | Reached skill level 10 in Slings
   807 | D        | Reached skill level 10 in Bows
   807 | D        | Reached skill level 10 in Crossbows
   807 | D        | Reached skill level 10 in Throwing
   807 | D        | Reached skill level 10 in Armour
   807 | D        | Reached skill level 10 in Shields
   807 | D        | Reached skill level 10 in Unarmed Combat
   807 | D        | Reached skill level 10 in Evocations
   814 | D        | Killed a reaper
   848 | D        | Killed Gastronok
   852 | D        | Killed an acid blob
   865 | D        | Killed a death ooze
   869 | D        | Entered arena 13.
   869 | D        | Noticed a skeletal warrior
   870 | D        | Found the macabre finger necklace {rN+}
   871 | D        | Found a transporter.
   889 | D        | Killed a skeletal warrior
   898 | D        | Got the ring "Tiamyutz" {MP+9 Dex+4}
   898 | D        | Killed an azure jelly
   899 | D        | Killed a death ooze
   937 | D        | Killed a death ooze
   942 | D        | Killed an acid blob
   943 | D        | Entered arena 14.
   944 | D        | Noticed a glowing orange brain
   944 | D        | Noticed a death ooze
   944 | D        | Noticed a glowing orange brain
   944 | D        | Killed Harold
   945 | D        | Noticed a shining eye
   945 | D        | Noticed an acid blob
   945 | D        | Noticed a shining eye
   945 | D        | Killed a death ooze
   946 | D        | Found a transporter.
   951 | D        | Killed a glowing orange brain
   955 | D        | Gained mutation: You are frail. (-10% HP) [a shining eye]
   956 | D        | Killed a shining eye
   958 | D        | Killed a death ooze
   958 | D        | Received a gift from Okawaru
   958 | D        | Killed a glowing orange brain
   958 | D        | Reached XP level 12. HP: 88/89 MP: 21/27
   961 | D        | Killed an acid blob
   967 | D        | Killed the Enchantress
   968 | D        | Got a transparent demon trident {god gift}
   969 | D        | Identified the +9 demon trident "Zodum" {vorpal, MR+}
                  | (Okawaru gifted it to you in the Dungeon)
   972 | D        | Killed an acid blob
   986 | D        | Entered arena 15.
   986 | D        | Killed a death ooze
   988 | D        | Noticed a reaper
   988 | D        | Noticed a reaper
   989 | D        | Noticed a reaper
   990 | D        | Found a transporter.
  1002 | D        | Killed a reaper
  1002 | D        | Reached skill level 10 in Conjurations
  1002 | D        | Killed a reaper
  1006 | D        | Killed a reaper
  1006 | D        | Received a gift from Okawaru
  1006 | D        | Reached skill level 10 in Hexes
  1006 | D        | Reached skill level 10 in Charms
  1006 | D        | Reached skill level 10 in Summonings
  1006 | D        | Reached skill level 10 in Necromancy
  1006 | D        | Reached skill level 10 in Translocations
  1006 | D        | Reached skill level 10 in Transmutations
  1006 | D        | Reached skill level 10 in Ice Magic
  1006 | D        | Reached skill level 10 in Air Magic
  1006 | D        | Reached skill level 10 in Earth Magic
  1006 | D        | Reached skill level 10 in Poison Magic
  1031 | D        | Killed a death ooze
  1033 | D        | Got the ring "Bunuvouw" {rElec rF+ Str-3 Dex+4}
  1035 | D        | Got the Handbook of Lucky Orientation
  1041 | D        | Learned a level 4 spell: Leda's Liquefaction
  1051 | D        | Learned a level 9 spell: Fire Storm
  1052 | D        | Acquired 1560 gold pieces
  1105 | D        | Entered arena 16.
  1106 | D        | Noticed a satyr
  1106 | D        | Noticed a merfolk javelineer
  1107 | D        | Noticed a merfolk impaler
  1107 | D        | Noticed a merfolk avatar
  1113 | D        | Found a transporter.
  1114 | D        | Killed a merfolk avatar
  1114 | D        | Received a gift from Okawaru
  1114 | D        | Killed a merfolk impaler
  1114 | D        | Killed a satyr
  1114 | D        | Reached XP level 13. HP: 97/97 MP: 22/30
  1115 | D        | Killed a merfolk javelineer
  1125 | D        | Got a pair of transparent gloves {god gift}
  1131 | D        | Identified the +1 pair of gloves of Polish {-Cast rF+ rN+
                  | rCorr} (Okawaru gifted it to you in the Dungeon)
  1167 | D        | Entered arena 17.
  1174 | D        | Found a transporter.
  1208 | D        | Got the Almanac of the Owl
  1218 | D        | Killed a death ooze
  1225 | D        | Entered arena 18.
  1229 | D        | Noticed a shadow dragon
  1230 | D        | Found a transporter.
  1239 | D        | Killed a shadow dragon
  1242 | D        | Killed a death ooze
  1265 | D        | Entered arena 19.
  1268 | D        | Noticed a dire elephant
  1268 | D        | Noticed a dire elephant
  1269 | D        | Noticed a spriggan defender
  1269 | D        | Noticed a spriggan defender
  1270 | D        | Identified the +8 falchion "Kocvud" {venom, Str+3 Int+4}
  1279 | D        | HP: 3/98 [wind drake/the air (4)]
  1281 | D        | Slain by a shambling mangrove

Illustrated notes

Levels and vault maps discovered:
D:        sprint_v [room_start, room_1, room_2, room_3, room_4, room_5, room_6,
          room_7, room_8, room_9, room_10, room_11, room_12, room_13, room_14,
          room_15, room_16, room_17, room_18, room_19, room_20, room_21,
          room_22, room_23, room_24, room_25, room_26, room_27]

Skill      XL: |  1  2  3  4  5  6  7  8  9 10 11 12 13 |
---------------+----------------------------------------+-----
Fighting       | 2 3 4 5 6 7 8 9 10 12 | 12.9
Short Blades   | 2 3 4 5 6 7 8 9 10 12 | 12.9
Long Blades    | 2 3 4 5 6 7 8 9 10 12 | 12.9
Axes           | 2 3 4 5 6 7 8 9 10 12 | 12.9
Maces & Flails | 2 3 4 5 6 7 8 9 10 12 | 12.9
Polearms       | 2 3 4 5 6 7 8 9 10 12 | 12.9
Staves         | 2 3 4 5 6 7 8 9 10 12 | 12.9
Slings         | 2 3 4 5 6 7 8 9 10 12 | 12.9
Bows           | 2 3 4 5 6 7 8 9 10 12 | 12.9
Crossbows      | 2 3 4 5 6 7 8 9 10 12 13 | 13.5
Throwing       | 2 3 4 5 6 7 8 9 10 12 | 12.9
Armour         | 2 3 4 5 6 7 8 9 10 12 | 12.9
Dodging        | 5 6 7 8 9 10 11 12 13 | 13.6
Shields        | 2 3 4 5 6 7 8 9 10 12 | 12.9
Unarmed Combat | 2 3 4 5 6 7 8 9 10 12 | 12.9
Spellcasting   | 5 6 7 8 9 10 11 13 | 13.7
Conjurations   | 2 3 4 5 6 7 8 9 10 11 | 11.3
Hexes          | 1 2 3 4 5 6 8 9 10 11 | 11.1
Charms         | 1 2 3 4 5 6 8 9 10 11 | 11.1
Summonings     | 1 2 3 4 5 6 8 9 10 11 | 11.1
Necromancy     | 1 2 3 4 5 6 8 9 10 11 | 11.1
Translocations | 1 2 3 4 5 6 8 9 10 11 | 11.1
Transmutations | 1 2 3 4 5 6 8 9 10 11 | 11.1
Ice Magic      | 1 2 3 4 5 6 8 9 10 11 | 11.1
Air Magic      | 1 2 3 4 5 6 8 9 10 11 | 11.1
Earth Magic    | 1 2 3 4 5 6 8 9 10 11 | 11.1
Poison Magic   | 1 2 3 4 5 6 8 9 10 11 | 11.1
Invocations    | 2 3 4 5 6 8 9 10 11 13 | 13.9
Evocations     | 2 3 4 5 6 7 8 9 10 12 | 12.9
Stealth        | 5 6 7 8 9 10 11 12 13 | 13.5
Fire Magic     | 6 7 8 9 10 11 12 | 12.2

Action                   |  1- 3 |  4- 6 |  7- 9 | 10-12 | 13-15 || total
-------------------------+-------+-------+-------+-------+-------++-------
Melee: Double sword      |     1 |    13 |    18 |   110 |    42 ||   184
       Bite              |       |     5 |     2 |    23 |    12 ||    42
Throw: Dart              |       |       |       |     1 |       ||     1
Invok: Heroism           |       |       |     3 |     6 |     2 ||    11
       Finesse           |       |       |       |     6 |     2 ||     8
Evoke: Lightning rod     |       |       |       |       |     2 ||     2
  Use: Potion            |     1 |       |       |     1 |     1 ||     3
       Scroll            |       |       |       |     2 |       ||     2
 Stab: Sleeping          |       |       |     1 |       |       ||     1
  Eat: Ration            |       |       |       |     1 |       ||     1
Armor: Plate armour      |       |    20 |     8 |    34 |    20 ||    82
Dodge: Dodged            |       |       |       |    27 |    14 ||    41
Block: Kite shield       |     2 |    32 |    25 |   166 |    69 ||   294
       Rpst.: Double sword |       |       |       |     7 |     3 ||    10
